 Dungeon Crawl Stone Soup version 0.21.0 (webtiles) character file.

209 komo4ek the Caller (level 5, -10/31 HPs)
             Began as a Tengu Summoner on Jan 7, 2018.
             Killed by divine providence
             ... invoked by an orc priest
              (12 damage)
             ... on level 3 of the Dungeon.
             The game lasted 00:26:05 (4173 turns).

komo4ek the Caller (Tengu Summoner)                 Turns: 4173, Time: 00:26:06

Health: -10/31     AC:  2    Str:  9    XL:     5   Next: 87%
Magic:  4/10       EV: 12    Int: 16    God:
Gold:   158        SH:  0    Dex: 14    Spells: 2/10 levels left

rFire    . . .     SeeInvis .   g - +0 short sword
rCold    . . .     Gourm    .   (no shield)
rNeg     . . .     Faith    .   u - +0 robe
rPois    .         Spirit   .   (helmet restricted)
rElec    .         Reflect  .   (no cloak)
rCorr    .         Harm     .   (no gloves)
MR       .....                  (boots unavailable)
Stlth    ++........             (no amulet)
HPRegen  0.10/turn              (no ring)
MPRegen  0.12/turn              (no ring)

@: very slightly contaminated
A: beak, talons 3, able to fly 1
a: Fly


You were on level 3 of the Dungeon.
You were not hungry.

You visited 1 branch of the dungeon, and saw 3 of its levels.

You collected 158 gold pieces.

Inventory:

Hand Weapons
 g - a +0 short sword (weapon)
Missiles
 q - 7 tomahawks (quivered)
Armour
 u - a +0 robe (worn)
 v - a +0 pair of gloves
 x - a +0 pair of gloves
Jewellery
 t - a cursed ring of loudness {unknown}
 y - an uncursed ring of positive energy {unknown}
Scrolls
 d - a scroll of immolation {unknown}
 h - a scroll of remove curse {unknown}
 i - 2 scrolls of magic mapping {unknown}
 j - a scroll of identify {unknown}
 m - 2 scrolls of teleportation
 n - a scroll of blinking {unknown}
 o - a scroll of enchant armour {unknown}
 w - a scroll of fog {unknown}
Potions
 a - a potion of invisibility {unknown}
 e - 2 potions of might {unknown}
 f - a potion of haste {unknown}
 k - a potion of degeneration {unknown}
 l - a potion of berserk rage {unknown}
 r - a potion of mutation {unknown}
 s - a potion of flight {unknown}
 z - a potion of curing {unknown}
Books
 b - a book of Callings

   Spells                             Type                      Level
   a - Summon Small Mammal            Summoning                    1
   b - Call Imp                       Summoning                    2
   c - Call Canine Familiar           Summoning                    3
   d - Summon Guardian Golem          Hexes/Summoning              3
   e - Summon Lightning Spire         Summoning/Air                4
   f - Summon Ice Beast               Ice/Summoning                4
 p - a book of Cantrips

   Spells                             Type                      Level
   a - Confusing Touch                Hexes                        1
   b - Animate Skeleton               Necromancy                   1
   c - Summon Small Mammal            Summoning                    1
   d - Apportation                    Translocation                1
Comestibles
 c - 5 rations


   Skills:
 + Level 2.4 Fighting
 - Level 2.1 Dodging
 + Level 3.6 Stealth
 * Level 3.0 Spellcasting
 * Level 6.0 Summonings


You had 2 spell levels left.
You knew the following spells:

 Your Spells              Type           Power        Failure   Level  Hunger
a - Summon Small Mammal   Summ           ###.         1%          1    #......
b - Call Canine Familiar  Summ           ###.....     4%          3    ###....
c - Summon Ice Beast      Ice/Summ       ##......     47%         4    #####..


Dungeon Overview and Level Annotations

Branches:
Dungeon (3/15)

Altars:
Elyvilon
Kikubaaqudgha
Vehumet

Annotations:
D:3 1 runed door, MovingMist's ghost, amateur DsAK


Innate Abilities, Weirdness & Mutations

You have a beak for a mouth.
You have claws for feet.
You can fly.


Message History

Your bat closely misses the orc.
Your bat hits the orc.
The orc priest hits you but does no damage.
The orc hits your hound.
You hit the orc priest but do no damage.
Your kick misses the orc priest.
The orc priest is severely wounded.
Your hound bites the orc.
Your bat hits the orc.
Your hound bites the orc.
The orc dies!
The orc priest hits you with a dagger.
You hit the orc priest but do no damage.
The orc priest is severely wounded.
The orc priest mumbles some strange prayers to Beogh against you.
Pain shoots through your body!
* * * LOW HITPOINT WARNING * * *
Your hound closely misses the orc priest.
Your bat hits the orc priest but does no damage.
Your hound bites the orc priest.
The orc priest mumbles some strange prayers to Beogh against you.
Beogh smites you!
You die...

######.# #.((...#
#)####.# #(# #.#
#.# #.# #.# #.#
######.## #.######
.........###.......
#######.@##........
#..b...# ##oh#..#
#####...#..#
#.......).w#
#.###...##.#
##.###.# . #.# #.#
.## .. ... ..


You could see an orc priest, a friendly hound and a friendly bat.

Vanquished Creatures
  A bullfrog skeleton (D:3)
  5 adders
  3 dart slugs
  2 leopard geckos
  4 bats
  A giant cockroach (D:1)
  3 goblins
  A hobgoblin (D:2)
  A quokka (D:3)
  A ball python (D:2)
  3 kobolds
  7 rats
32 creatures vanquished.

Vanquished Creatures (collateral kills)
  A centaur (D:3)
  2 adders (D:2)
  3 worms (D:3)
  5 dart slugs
  2 leopard geckos
  3 orcs (D:3)
  A ball python (D:1)
  6 bats
  4 giant cockroaches
  5 goblins
  3 hobgoblins
  A quokka (D:2)
  6 kobolds
  7 rats
49 creatures vanquished.

Vanquished Creatures (others)
  A plant (D:1)
1 creature vanquished.

Grand Total: 82 creatures vanquished

Notes
Turn   | Place    | Note
-------+----------+-------------------------------------------
     0 | D:1      | komo4ek the Tengu Summoner began the quest for the Orb.
     0 | D:1      | Reached XP level 1. HP: 10/10 MP: 4/4
   192 | D:1      | Reached skill level 5 in Summonings
   307 | D:1      | Reached XP level 2. HP: 12/16 MP: 6/6
   850 | D:1      | Reached skill level 1 in Fighting
   906 | D:1      | Reached XP level 3. HP: 18/20 MP: 4/7
  2142 | D:2      | Learned a level 3 spell: Call Canine Familiar
  2176 | D:2      | Reached XP level 4. HP: 11/25 MP: 6/8
  2547 | D:2      | Found an ancient bone altar of Kikubaaqudgha.
  2927 | D:3      | Found a white marble altar of Elyvilon.
  2935 | D:3      | Found a runed door.
  2935 | D:3      | Noticed an angel
  2958 | D:3      | Noticed MovingMist's ghost (amateur DsAK)
  3205 | D:3      | Found a radiant altar of Vehumet.
  3396 | D:3      | Gained mutation: You can fly. [Tengu growth]
  3396 | D:3      | Reached XP level 5. HP: 30/30 MP: 4/10
  3722 | D:3      | Noticed a centaur
  3744 | D:3      | HP: 1/30 [centaur/arrow (5)]
  3746 | D:3      | Killed a centaur
  3746 | D:3      | Reached skill level 6 in Summonings
  4144 | D:3      | Learned a level 4 spell: Summon Ice Beast
  4173 | D:3      | Killed from afar by an orc priest

Skill      XL: |  1  2  3  4  5 |
---------------+----------------+-----
Summonings     | 5 6 |  6.0
Fighting       | 1 2 |  2.4
Stealth        | 3 |  3.6
Spellcasting   | 3 |  3.0
Dodging        | |  2.1

Action                   |  1- 3 |  4- 6 || total
-------------------------+-------+-------++-------
Melee: Unarmed           |     5 |       ||     5
       Peck              |    15 |     4 ||    19
       Kick              |    31 |    12 ||    43
       Short sword       |    88 |    37 ||   125
 Cast: Summon Small Mamm |    54 |    15 ||    69
       Call Canine Famil |     1 |    19 ||    20
  Use: Scroll            |       |     1 ||     1
 Stab: Sleeping          |     5 |     3 ||     8
  Eat: Ration            |     2 |     2 ||     4
Armor: Robe              |    16 |    22 ||    38
Dodge: Dodged            |    52 |    46 ||    98
